 Dungeon Crawl Stone Soup version 0.22.1-5-g62c59d9 (webtiles) character file.

267 Tr0llz0r the Chopper (level 6, 0/47 HPs)
             Began as a Demonspawn Gladiator on Jan 9, 2019.
             Succumbed to a scorpion's poison
             ... on level 4 of the Dungeon.
             The game lasted 00:10:15 (3365 turns).

Tr0llz0r the Chopper (Demonspawn Gladiator)         Turns: 3365, Time: 00:10:16

Health: 0/47       AC:  6    Str: 16    XL:     6   Next: 0%
Magic:  3/6        EV: 12    Int:  9    God:
Gold:   199        SH:  0    Dex: 15    Spells: 5/5 levels left

rFire    . . .     SeeInvis .   a - +0 war axe
rCold    . . .     Gourm    .   (no shield)
rNeg     . . .     Faith    .   k - +0 ring mail
rPois    .         Spirit   +   (helmet restricted)
rElec    .         Reflect  .   (no cloak)
rCorr    .         Harm     .   (no gloves)
MR       .....                  (no boots)
Stlth    +.........             h - amulet of guardian spirit
HPRegen  0.15/turn              (no ring)
MPRegen  0.10/turn              (no ring)

@: lethally poisoned (0 -> -2)
A: antennae 1, rugged brown scales 1, blink, blurry vision 1, powered by death 1
a: Blink


You were on level 4 of the Dungeon.
You were not hungry.

You visited 1 branch of the dungeon, and saw 4 of its levels.

You collected 199 gold pieces.

Inventory:

Hand Weapons
 a - a +0 war axe (weapon)
Missiles
 d - 3 throwing nets (quivered)
 e - 203 stones
 f - 21 poisoned needles
 g - 95 bolts
 l - 33 arrows
Armour
 c - a +0 helmet
 k - a +0 ring mail (worn)
Jewellery
 h - an amulet of guardian spirit (around neck)
Wands
 m - a wand of flame (38)
Scrolls
 i - 2 scrolls of remove curse
 j - 2 scrolls of identify
 o - 3 scrolls of teleportation
Comestibles
 b - 6 rations


   Skills:
 + Level 2.7 Fighting
 + Level 4.5 Axes
 + Level 1.9 Throwing
 + Level 2.2 Armour
 + Level 3.6 Dodging
 + Level 0.3 Stealth


You had 5 spell levels left.
You didn't know any spells.
Your spell library was empty.

Dungeon Overview and Level Annotations

Branches:
Dungeon (4/15)
 Temple: D:4-7

Altars:
Makhleb


Innate Abilities, Weirdness & Mutations

You have a pair of small antennae on your head.
You are partially covered in rugged brown scales. (AC +1, +3% HP)
You regenerate a little health from kills.
You can translocate small distances at will.
Scrolls take you a little longer to read.


Message History

There is a lethal amount of poison in your body!
* * * LOW HITPOINT WARNING * * *
You feel sick.
Things that are here:
a whip; a robe
* * * LOW HITPOINT WARNING * * *
You feel sick.
Items here: ))) †††
Okay, then.
Found a glass wand.
* * * LOW HITPOINT WARNING * * *
You feel sick.
You see here a wand of flame (38).
* * * LOW HITPOINT WARNING * * *
You feel sick.
You see here a wand of flame (38).
m - a wand of flame (38)
There is a lethal amount of poison in your body!
There is a lethal amount of poison in your body!
You die...

,* ***+#####.#* *,,,***,#.**
,*******,.......* *,*****,#(* *
,,,,,,**,.......* *,,,,,,,#.* *
,,,,,,**,.......########**#.###**
,,,,,,**,******#..))...# #...,,,
,,,,,,**,* #.#####.# #..####
,,,,,,**,* #.# #.# #......
,,,,****,***####.### #.#####.#..#
,**,*,,,,,,,#...@..# #.....#.#..#
,**,*,**,**,#.##.#.# ###........#
,**,,,**,**,#,*..#.# #.#......#
,***,,**,**,*,#.##,# #.#.#.#.##
,,,,,,,,,,,,*,#.**,* #.#.#.#.##
,*,,*,**,**,*,#.**,* #.#.......
,*,,*,,,,,,,,,#.**,* #.#<#.#.#.
,*,,,,,*,*****#.**,* #.#.#.#.#.
,**,*,,,,,,,,,,,**,****#.#.#...#.


There were no monsters in sight!

Vanquished Creatures
  A scorpion (D:4)
  A gnoll shaman (D:4)
  Robin (D:3)
  3 adders
  5 gnolls (D:4)
  5 dart slugs
  2 leopard geckos
  2 orcs (D:3)
  A ball python (D:1)
  3 giant cockroaches
  20 goblins
  12 hobgoblins
  6 jackals
  A quokka (D:3)
  6 bats
  4 frilled lizards
  7 kobolds
  7 rats
  A plant (D:3)
88 creatures vanquished.

Notes
Turn   | Place    | Note
-------+----------+-------------------------------------------
     0 | D:1      | Tr0llz0r the Demonspawn Gladiator began the quest for the
                  | Orb.
     0 | D:1      | Reached XP level 1. HP: 16/16 MP: 1/1
     2 | D:1      | Noticed a troll
     2 | D:1      | Noticed an ogre
     4 | D:1      | Noticed a draconian
     4 | D:1      | Noticed a formicid
     6 | D:1      | Noticed a vine stalker
     6 | D:1      | Noticed a centaur
     8 | D:1      | Noticed a tengu
     8 | D:1      | Noticed a halfling
    10 | D:1      | Noticed a naga
    10 | D:1      | Noticed a ghoul
    12 | D:1      | Noticed a demonspawn
    12 | D:1      | Noticed a demigod
    14 | D:1      | Noticed an elf
    16 | D:1      | Noticed a human
    18 | D:1      | Noticed a dwarf
    18 | D:1      | Noticed an octopode
    20 | D:1      | Noticed a merfolk
    20 | D:1      | Noticed a spriggan
    22 | D:1      | Noticed a gargoyle
    24 | D:1      | Noticed a felid
    26 | D:1      | Noticed a vampire
    26 | D:1      | Noticed a minotaur
   524 | D:1      | Gained mutation: You are partially covered in rugged brown
                  | scales. (AC +1, +3% HP) [demonic ancestry]
   524 | D:1      | Reached XP level 2. HP: 15/22 MP: 2/2
   531 | D:1      | Reached skill level 3 in Axes
   772 | D:1      | Gained mutation: Scrolls take you a little longer to read.
                  | [potion of mutation]
   772 | D:1      | Gained mutation: You can translocate small distances at
                  | will. [potion of mutation]
   887 | D:1      | Gained mutation: You regenerate a little health from kills.
                  | [demonic ancestry]
   887 | D:1      | Reached XP level 3. HP: 24/27 MP: 3/3
  1664 | D:2      | Found a burning altar of Makhleb.
  1778 | D:2      | Reached XP level 4. HP: 24/35 MP: 4/4
  2542 | D:3      | Reached skill level 1 in Armour
  2643 | D:3      | Noticed Robin
  2658 | D:3      | Killed Robin
  2658 | D:3      | Reached skill level 4 in Axes
  2977 | D:3      | Reached XP level 5. HP: 36/40 MP: 5/5
  3350 | D:4      | Gained mutation: You have a pair of small antennae on your
                  | head. [demonic ancestry]
  3350 | D:4      | Reached XP level 6. HP: 6/47 MP: 2/6
  3356 | D:4      | HP: 2/47 [poisoned by a scorpion]
  3361 | D:4      | HP: 1/47 [poisoned by a scorpion]
  3365 | D:4      | Succumbed to a scorpion's poison

Skill      XL: |  1  2  3  4  5 |
---------------+----------------+-----
Axes           | 3 4 |  4.5
Dodging        | 3 |  3.6
Armour         | 1 2 |  2.2
Fighting       | |  2.7
Throwing       | |  1.9
Stealth        | |  0.3

Action                   |  1- 3 |  4- 6 || total
-------------------------+-------+-------++-------
Melee: War axe           |   117 |   179 ||   296
  Use: Potion            |     5 |     6 ||    11
       Scroll            |     2 |     4 ||     6
  Eat: Ration            |     1 |     2 ||     3
Armor: Leather armour    |    22 |       ||    22
       Ring mail         |    30 |    80 ||   110
       Skin              |       |    23 ||    23
Dodge: Dodged            |   112 |   173 ||   285
